 Dungeon Crawl Stone Soup version 0.17-a0-1133-gfb1399f (webtiles) character file.

145 Teio the Chopper (level 5, -3/39 HPs)
             Began as a Demonspawn Gladiator on May 25, 2015.
             Slain by Eustachio
             ... wielding a +0 falchion of distortion
              (22 damage)
             ... on level 4 of the Dungeon.
             The game lasted 00:18:13 (3679 turns).

Teio the Chopper (Demonspawn Gladiator)             Turns: 3679, Time: 00:18:13

Health: -3/39      AC:  9    Str: 17    XL:     5   Next: 6%
Magic:  5/5        EV: 11    Int:  9    God:
Gold:   119        SH:  0    Dex: 15    Spells: 0 memorised, 4 levels left

rFire  . . .     SeeInvis +     p - +0 hand axe (freeze)
rCold  . . .     Clarity  +     j - +0 scale mail
rNeg   . . .     SustAt   .     (no shield)
rPois  .         Gourm    .     c - +0 helmet
rElec  .         Spirit   .     (no cloak)
rCorr  .         Warding  .     (no gloves)
rMut   .         Stasis   .     u - +1 pair of boots
MR     .....                    r - amulet of clarity
Stlth  +.........               (no ring)
                                g - ring of see invisible

@: not resistant to hostile enchantments, very unstealthy
A: thin skeletal structure 1, demonic guardian 1
a: no special abilities


You were on level 4 of the Dungeon.
You were not hungry.

You visited 1 branch of the dungeon, and saw 4 of its levels.

You collected 119 gold pieces.

Inventory:

Hand weapons
 a - a +0 war axe
 p - a +0 hand axe of freezing (weapon)
Missiles
 d - 3 throwing nets (quivered)
Armour
 b - a +0 leather armour
 c - a +0 helmet (worn)
 j - a +0 scale mail (worn)
 u - a +1 pair of boots (worn)
Jewellery
 g - a ring of see invisible (left hand)
 r - an amulet of clarity (around neck)
Scrolls
 h - a scroll of fear {unknown}
 l - 4 scrolls of enchant weapon {unknown}
 m - 3 scrolls of enchant armour {unknown}
 n - a scroll of magic mapping {unknown}
 t - 2 scrolls of immolation {unknown}
Potions
 f - a potion of cure mutation {unknown}
 i - a potion of curing {unknown}
 k - 2 potions of heal wounds
 o - 2 potions of brilliance
 q - a potion of might {unknown}
 s - a potion of haste {unknown}
 v - a potion of cancellation {unknown}
Comestibles
 e - 3 bread rations


   Skills:
 + Level 2.6 Fighting
 + Level 3.8 Axes
 + Level 1.7 Throwing
 + Level 1.6 Armour
 + Level 3.4 Dodging
 + Level 0.8 Stealth


You had 4 spell levels left.
You didn't know any spells.

Dungeon Overview and Level Annotations

Branches:
Dungeon (4/15)
 Temple: D:4-7

Altars:
Trog

Annotations:
D:4 Eustachio


Innate Abilities, Weirdness & Mutations

You have a somewhat thin skeletal structure (Dex +2, Stealth).
A weak demonic guardian rushes to your aid.


Message History

Eustachio blinks!
Eustachio mumbles some strange words.
Eustachio blinks!
The ufetubus barely misses you. The ufetubus misses you.
You hit the ufetubus.
The ufetubus is lightly wounded.
The ufetubus hits you. x2
Your iron imp closely misses the ufetubus.
The ufetubus closely misses you.
The ufetubus hits you but does no damage.
You hit the ufetubus.
The ufetubus is moderately wounded.
The ufetubus hits you. The ufetubus closely misses you.
Your iron imp hits the ufetubus.
The ufetubus dies!
You closely miss Eustachio.
Eustachio is lightly wounded.
Eustachio hits you but does no damage. Space warps horribly around you!
Ouch! That really hurt!
You die...

### #..# #..######..###
.............#
.............#
...........### #########
....)..##..# ##.<.....#
.......##### #5.......#
.....### #@.......#
.#...###########@###.####
.................# #.#
....############## #.#
....# # #.# ..#.## ..#
#.# ..#..# #...# #.#
#.##.###.....# #.....)..#
#.....####


You could see Eustachio and a friendly iron imp.

Vanquished Creatures
  A gnoll (D:2)
  3 adders
  4 oozes
  3 worms
  3 orcs (D:3)
  8 hobgoblins
  A quokka (D:2)
  A ball python skeleton (D:4)
  5 bats
  4 giant cockroaches
  A giant newt (D:2)
  17 goblins
  9 kobolds
  12 rats
72 creatures vanquished.

Vanquished Creatures (collateral kills)
  2 gnolls (D:2)
  An ufetubus (D:4)
3 creatures vanquished.

Vanquished Creatures (others)
  A crimson imp (D:4)
  A white imp (D:4)
2 creatures vanquished.

Grand Total: 77 creatures vanquished

Notes
Turn   | Place    | Note
--------------------------------------------------------------
     0 | D:1      | Teio the Demonspawn Gladiator began the quest for the Orb.
     0 | D:1      | Reached XP level 1. HP: 16/16 MP: 1/1
   172 | D:1      | Reached skill level 3 in Axes
   172 | D:1      | Gained mutation: You have a somewhat thin skeletal structure (Dex +2, Stealth). [demonic ancestry]
   172 | D:1      | Reached XP level 2. HP: 9/22 MP: 2/2
  1506 | D:2      | Gained mutation: A weak demonic guardian rushes to your aid. [demonic ancestry]
  1506 | D:2      | Reached XP level 3. HP: 13/27 MP: 3/3
  1752 | D:2      | Noticed a moth of wrath
  1756 | D:2      | Found a bloodstained altar of Trog.
  2225 | D:2      | Reached skill level 1 in Armour
  2225 | D:2      | Reached XP level 4. HP: 23/34 MP: 4/4
  3413 | D:3      | Reached XP level 5. HP: 28/39 MP: 5/5
  3653 | D:4      | Noticed Eustachio
  3679 | D:4      | Slain by Eustachio

Vault maps used:
D:1:      minmay_arrival_five_plusses
D:2:      tgw_trog
D:3:      kennysheep_the_goblin_king, first_bread
D:4:      tso_oasis_becter, gup_sewer_entry_bowl, uniq_eustachio

Action                   |  1- 3 |  4- 6 || total
-------------------------+-------+-------++-------
Melee: War axe           |    81 |       ||    81
       Hand axe          |    45 |   120 ||   165
  Use: Scroll            |     2 |     3 ||     5
 Stab: Distracted        |     1 |       ||     1
  Eat: Pizza             |     1 |       ||     1
       Bread ration      |     1 |       ||     1
       Chunk             |       |     3 ||     3
